Map: Galactic Process LE

Players

Gracz

  • Race: Terran Terran
  • League: Bronze

BOLVAX

  • Race: Terran Terran
  • League: Platinum

HAJPER

  • Race: Zerg Zerg

FalseAlarm

  • Race: Zerg Zerg

VOD

Have the link to the VOD?

Description

Time

  • Played on: Sept. 17, 2016, 4:58 p.m.
  • Length: 12:36
Show
View Real Time Build Order
Export as new Build Order

Gracz Terran 

Build Orders:  

Get SALT Encoding   

  12  0:02  SCV  
  13  0:14  Supply Depot  
  13  0:20  SCV  
  14  0:33  SCV  
  15  0:41  Barracks  
  15  0:43  Refinery  
  15  0:48  SCV  
  16  1:01  SCV  
  17  1:13  SCV  
  18  1:28  Marine  
  18  1:40  SCV  
  19  1:51  Barracks Reactor  
  19  1:54  Orbital Command  
  19  2:05  Supply Depot  
  19  2:12  Barracks  
  19  2:22  Command Center  
  19  2:31  Barracks  
  19  2:39  Marine  
  19  2:40  Marine  
  21  2:57  Marine  
  21  2:58  Marine  
  23  3:00  Barracks Tech Lab  
  23  3:20  Barracks Tech Lab, Stimpack  
  23  3:22  Marine x2  
  25  3:34  SCV  
  25  3:39  Marine  
  25  3:40  Marine  
  28  3:42  Marauder  
  28  3:46  SCV  
  33  3:48  Marauder  
  33  3:58  Marine  
  33  4:01  SCV  
  35  4:03  Marauder  
  39  4:10  Marauder  
  39  4:13  Orbital Command  
  39  4:16  Marine x2  
  41  4:25  Marauder  
  43  4:40  Marine x2  
  43  4:41  SCV  
  43  4:43  SCV  
  47  4:48  Marauder  
  49  4:53  SCV  
  49  4:58  Marine x2  
  52  5:03  Marauder  
  54  5:20  Supply Depot  
  54  5:27  SCV  
  54  5:37  Marauder  
  54  5:38  Marauder  
  54  5:39  SCV  
  54  5:40  Marine x2  
  43  5:58  Marine x2  
  43  5:59  Marauder x2  
  41  6:15  Marine  
  41  6:16  Marine  
  41  6:20  Marine x2  
  41  6:22  Factory, Orbital Command  
  41  6:33  Marine x2  
  41  6:37  Marine  
  41  6:38  Marine  
  37  6:51  Marine x2  
  39  6:56  SCV, Marauder x2  
  39  7:08  Starport, SCV  
  34  7:17  Marauder x2  
  34  7:20  SCV  
  39  7:25  Marine x2  
  33  7:39  Marauder x2  
  35  7:48  Refinery  
  35  7:51  Marine x2  
  33  8:00  Marauder x2  
  37  8:09  Marine x2  
  37  8:10  Medivac  
  41  8:14  Factory Tech Lab  
  33  8:21  Marauder  
  33  8:22  Marauder  
  33  8:26  Marine  
  33  8:27  Marine  
  35  8:35  SCV  
  36  8:42  Marine x2  
  36  8:44  Marine x2  
  36  8:48  Siege Tank  
  43  8:55  Concussive Shells  
  43  9:00  Marine x2  
  43  9:02  Marine x2, Refinery  
  47  9:18  Marine  
  47  9:20  Marine x2  
  47  9:22  Marauder  
  54  9:30  Starport Reactor  
  52  9:36  SCV  
  52  9:38  Marine x2  
  54  9:39  Marauder  
  54  9:43  Marine  
  58  9:48  SCV  
  59  9:56  Marine x2  
  61  10:00  SCV, Marauder  
  61  10:01  Marine  
  65  10:13  Marine  
  65  10:14  Marine  
  67  10:18  Siege Tank  
  70  10:27  Marine  
  70  10:28  Marauder  
  73  10:29  Supply Depot  
  73  10:30  Supply Depot  
  73  10:48  Marauder  
  73  10:49  Marauder  
  77  10:51  Siege Tank  
  80  11:06  Medivac  
  80  11:07  Medivac  
  80  11:09  Marauder  
  83  11:23  Siege Tank  
  86  11:38  Command Center  
  86  11:44  Marauder  
  86  11:45  Marine, Marauder  
  91  11:54  Orbital Command  
  91  12:06  Marauder x2  
  91  12:12  Marine x2  
Show
View Real Time Build Order
Export as new Build Order

BOLVAX Terran 

Build Orders:  

Get SALT Encoding   

  12  0:01  Drone  
  13  0:09  Drone  
  14  0:17  Overlord  
  14  0:35  Drone  
  15  0:36  Drone  
  16  0:46  Spawning Pool, Drone  
  16  0:56  Drone  
  17  1:01  Extractor  
  16  1:13  Drone x2  
  18  1:19  Drone  
  19  1:37  Drone  
  20  1:41  Hatchery  
  20  1:45  Queen  
  21  2:01  Metabolic Boost  
  21  2:04  Drone  
  21  2:06  Overlord  
  22  2:20  Extractor  
  21  2:26  Drone  
  21  2:27  Drone x2  
  24  2:39  Roach Warren  
  23  2:54  Drone  
  23  2:55  Drone x5  
  29  3:06  Drone  
  30  3:20  Pneumatized Carapace  
  30  3:27  Queen  
  30  3:31  Zergling x2  
  30  3:32  Zergling x4  
  35  3:39  Overlord x3  
  35  4:17  Spine Crawler  
  35  4:20  Spine Crawler, Drone x3  
  35  4:24  Extractor  
  35  4:26  Lair  
  35  4:37  Roach x2  
  35  4:38  Roach x6  
  51  4:45  Overlord  
  51  4:56  Extractor  
  50  5:08  Roach  
  50  5:09  Roach x4  
  60  5:24  Glial Reconstitution  
  52  5:40  Spine Crawler  
  52  5:42  Spine Crawler x2  
  47  5:44  Roach  
  47  5:45  Roach  
  35  6:00  Queen  
  37  6:09  Roach x3  
  38  6:21  Ravager  
  38  6:24  Roach  
  38  6:25  Roach  
  42  6:53  Spine Crawler  
  41  6:55  Spine Crawler  
  41  6:56  Drone x2  
  42  7:08  Drone x5  
  46  7:10  Drone  
  46  7:15  Ravager  
  49  7:21  Zergling x4  
  51  7:25  Zergling x2  
  52  7:30  Zergling x2  
  52  7:32  Ravager  
  45  7:50  Drone x4  
  45  7:51  Drone x2  
  51  7:55  Drone x2  
  52  8:17  Spine Crawler  
  40  8:56  Hatchery  
  39  9:04  Hydralisk Den  
  38  9:35  Overseer  
  38  9:38  Drone x4  
  40  9:39  Drone x6  
  40  9:40  Drone x8  
  56  9:46  Muscular Augments  
  56  10:02  Extractor  
  56  10:05  Extractor  
  54  10:10  Queen  
  56  10:35  Zergling x8  
  59  10:36  Zergling x4  
  57  11:22  Hydralisk x4  
  65  11:36  Overlord x2  
  65  11:37  Overlord x6  
  65  11:38  Overlord x3  
  65  11:54  Queen x2  
  69  12:05  Baneling Nest  
  68  12:09  Hydralisk  
  68  12:10  Hydralisk x7  
Show
View Real Time Build Order
Export as new Build Order

HAJPER Zerg 

Build Orders:  

Get SALT Encoding   

Show
View Real Time Build Order
Export as new Build Order

FalseAlarm Zerg 

Build Orders:  

Get SALT Encoding   

Tags
 
Add a new tag
Caveats
  • Supply blocks, unpowered buildings, or Contaminate may cause inaccurate times.
  • Supply counts are checked every 10 seconds.